| TOP OF THE 1ST |
|
Tri-City Dust Devils batting - Pitching for Bend Bandits : RHP Joe Stalp
|
|
Pitching: RHP Joe Stalp
|
|
|
Batting: SHB Michael Madril
|
0-0: Called Strike 0-1: Ball 1-1: Swinging Strike 1-2: Foul Ball, location: 2F 1-2: Strikes out swinging
|
|
Batting: RHB Robert Gauci
|
0-0: Called Strike 0-1: Foul Ball, location: 2F 0-2: Foul Ball, location: 2F 0-2: Ball 1-2: Ball 2-2: Ball 3-2: Fly out, F9 (Flyball, 9D, EV 102.5 MPH)
|
|
Batting: LHB Adrian Zepeda
|
0-0: Ball 1-0: Called Strike 1-1: Ball 2-1: Ball 3-1: Base on Balls
|
|
Batting: LHB Billy Jo Robidoux
|
0-0: Ball 1-0: Foul Ball, location: 2F 1-1: Called Strike 1-2: Strikes out swinging
|
| Top of the 1st over - 0 runs, 0 hits, 0 errors, 1 left on base; Tri-City 0 - Bend 0 |
| BOTTOM OF THE 1ST |
|
Bend Bandits batting - Pitching for Tri-City Dust Devils : LHP Brian Snyder
|
|
Pitching: LHP Brian Snyder
|
|
|
Batting: RHB Angelo Ross
|
0-0: Called Strike 0-1: Ball 1-1: Ball 2-1: Ball 3-1: Ground out 5-3 (Groundball, 56, EV 81.9 MPH)
|
|
Batting: RHB Rolando Roomes
|
0-0: Ball 1-0: Ball 2-0: Ball 3-0: Base on Balls
|
|
Batting: LHB Scott Bradley
|
0-0: Ball 1-0: Foul Ball, location: 2F 1-1: Ball 2-1: Foul Ball, location: 2F 2-2: Grounds into double play, 6-4-3 (Groundball, 6MD, EV 81.9 MPH)
|
| Bottom of the 1st over - 0 runs, 0 hits, 0 errors, 0 left on base; Tri-City 0 - Bend 0 |
| TOP OF THE 2ND |
|
Tri-City Dust Devils batting - Pitching for Bend Bandits : RHP Joe Stalp
|
|
Batting: LHB Robbie Geels
|
0-0: Ball 1-0: Ball 2-0: Called Strike 2-1: Fly out, F9 (Flyball, 9S, EV 90.6 MPH)
|
|
Batting: RHB Eric Monson
|
0-0: Called Strike 0-1: Fly out, F9 (Flyball, 9, EV 82.5 MPH)
|
|
Batting: RHB Steve Aragon
|
0-0: Ball 1-0: Fly out, F9 (Flyball, 89D, EV 98.1 MPH)
|
| Top of the 2nd over - 0 runs, 0 hits, 0 errors, 0 left on base; Tri-City 0 - Bend 0 |
| BOTTOM OF THE 2ND |
|
Bend Bandits batting - Pitching for Tri-City Dust Devils : LHP Brian Snyder
|
|
Batting: RHB Jeff Doerr
|
0-0: SOLO HOME RUN (Flyball, 78XD, EV 111.9 MPH), Distance : 414 ft
|
|
Batting: RHB Gregory Key
|
0-0: Foul Ball, location: 2F 0-1: Fly out, F8 (Flyball, 8RM, EV 73.8 MPH)
|
|
Batting: RHB Jeffrey Smith
|
0-0: Ball 1-0: Fly out, F6 (Popup, P, EV 80.6 MPH)
|
|
Batting: RHB Buddy Bailey
|
0-0: Called Strike 0-1: Swinging Strike 0-2: Ball 1-2: Ball 2-2: Ball 3-2: Fly out, F3 (Flyball, 3D, EV 85.0 MPH)
|
| Bottom of the 2nd over - 1 run, 1 hit, 0 errors, 0 left on base; Tri-City 0 - Bend 1 |
| TOP OF THE 3RD |
|
Tri-City Dust Devils batting - Pitching for Bend Bandits : RHP Joe Stalp
|
|
Batting: RHB James Davis
|
0-0: Called Strike 0-1: Ground out 3-1 (Groundball, 34S, EV 85.0 MPH)
|
|
Batting: RHB Jay Lewis
|
0-0: Ball 1-0: Foul Ball, location: 2F 1-1: Fly out, F7 (Flyball, 7S, EV 94.4 MPH)
|
|
Batting: SHB Michael Madril
|
0-0: Bunt - Flyout to 13! F1
|
| Top of the 3rd over - 0 runs, 0 hits, 0 errors, 0 left on base; Tri-City 0 - Bend 1 |
| BOTTOM OF THE 3RD |
|
Bend Bandits batting - Pitching for Tri-City Dust Devils : LHP Brian Snyder
|
|
Batting: RHB Doug Gilcrease
|
0-0: Ball 1-0: Ground out 6-3 (Groundball, 6, EV 87.5 MPH)
|
|
Batting: RHB Kenneth Henderson
|
0-0: Fly out, F9 (Flyball, 9S, EV 88.1 MPH)
|
|
Batting: RHB Angelo Ross
|
0-0: Ball 1-0: Ground out U3 (Groundball, 34S, EV 86.3 MPH)
|
| Bottom of the 3rd over - 0 runs, 0 hits, 0 errors, 0 left on base; Tri-City 0 - Bend 1 |
| TOP OF THE 4TH |
|
Tri-City Dust Devils batting - Pitching for Bend Bandits : RHP Joe Stalp
|
|
Batting: RHB Robert Gauci
|
0-0: Ball 1-0: Ball 2-0: Called Strike 2-1: Foul Ball, location: 2F 2-2: Foul Ball, location: 2F 2-2: SINGLE (Groundball, 56D, EV 106.3 MPH)
|
|
Batting: LHB Adrian Zepeda
|
0-0: SINGLE (Groundball, 6MD, EV 95.6 MPH) Robert Gauci to second
|
|
Batting: LHB Billy Jo Robidoux
|
0-0: Foul Ball, location: 2F 0-1: Ball 1-1: Foul Ball, location: 2F 1-2: Strikes out swinging
|
|
Batting: LHB Robbie Geels
|
0-0: Called Strike 0-1: Foul Ball, location: 2F 0-2: Ball 1-2: Ball Wild Pitch! Robert Gauci to third Adrian Zepeda to second 2-2: Foul Ball, location: 2F 2-2: Reached on error, E3 (Groundball, 34, EV 86.3 MPH) Robert Gauci scores Adrian Zepeda to third
|
|
Batting: RHB Eric Monson
|
0-0: Called Strike 0-1: Foul Ball, location: 2F 0-2: Fly out, F9 (Line Drive, 9, EV 90.0 MPH) Runner from 3rd tags up, SCORES, throw by RF
|
|
Batting: RHB Steve Aragon
|
0-0: Ground out 4-3 (Groundball, 4, EV 87.5 MPH)
|
| Top of the 4th over - 2 runs, 2 hits, 1 error, 1 left on base; Tri-City 2 - Bend 1 |
| BOTTOM OF THE 4TH |
|
Bend Bandits batting - Pitching for Tri-City Dust Devils : LHP Brian Snyder
|
|
Batting: RHB Rolando Roomes
|
0-0: Called Strike 0-1: SINGLE (Line Drive, 9S, EV 95.0 MPH)
|
|
Batting: LHB Scott Bradley
|
0-0: Foul Ball, location: 2F 0-1: Ball Wild Pitch! Rolando Roomes to second 1-1: Foul Ball, location: 2F 1-2: Ground out 4-3 (Groundball, 4M, EV 106.3 MPH) Rolando Roomes to third
|
|
Batting: RHB Jeff Doerr
|
0-0: Called Strike 0-1: Swinging Strike 0-2: Ball 1-2: Foul Ball, location: 2F 1-2: Ball 2-2: Ball 3-2: Foul Ball, location: 2F 3-2: Foul Ball, location: 2F 3-2: SINGLE (Flyball, 5D, EV 95.6 MPH) Rolando Roomes scores
|
|
Batting: RHB Gregory Key
|
0-0: Ball 1-0: Fly out, F3 (Popup, 34S, EV 82.5 MPH)
|
|
Batting: RHB Jeffrey Smith
|
0-0: Called Strike 0-1: Called Strike 0-2: Fly out, F9 (Flyball, 89S, EV 86.9 MPH)
|
| Bottom of the 4th over - 1 run, 2 hits, 0 errors, 1 left on base; Tri-City 2 - Bend 2 |
| TOP OF THE 5TH |
|
Tri-City Dust Devils batting - Pitching for Bend Bandits : RHP Joe Stalp
|
|
Batting: RHB James Davis
|
0-0: Called Strike 0-1: Fly out, F8 (Flyball, 8RD, EV 102.5 MPH)
|
|
Batting: RHB Jay Lewis
|
0-0: Called Strike 0-1: Ball 1-1: Foul Ball, location: 2F 1-2: Strikes out swinging
|
|
Batting: SHB Michael Madril
|
0-0: Reached on error, E3 (Groundball, 34S, EV 85.0 MPH)
|
|
Batting: RHB Robert Gauci
|
0-0: Called Strike 0-1: 2-RUN HOME RUN (Flyball, 8LXD, EV 106.3 MPH) (Inside the Park)
|
|
Batting: LHB Adrian Zepeda
|
0-0: Foul Ball, location: 2F 0-1: Fly out, F5 (Line Drive, 5, EV 66.3 MPH)
|
| Top of the 5th over - 2 runs, 1 hit, 1 error, 0 left on base; Tri-City 4 - Bend 2 |
| BOTTOM OF THE 5TH |
|
Bend Bandits batting - Pitching for Tri-City Dust Devils : LHP Brian Snyder
|
|
Batting: RHB Buddy Bailey
|
0-0: Foul Ball, location: 2F 0-1: Ball 1-1: Ball 2-1: Ground out 6-3 (Groundball, 6, EV 90.6 MPH)
|
|
Batting: RHB Doug Gilcrease
|
0-0: Swinging Strike 0-1: Ball 1-1: Ground out 6-3 (Groundball, 6, EV 101.3 MPH)
|
|
Batting: RHB Kenneth Henderson
|
0-0: Foul Ball, location: 2F 0-1: Ball 1-1: Ground out 6-3 (Groundball, 6, EV 87.5 MPH)
|
| Bottom of the 5th over - 0 runs, 0 hits, 0 errors, 0 left on base; Tri-City 4 - Bend 2 |
| TOP OF THE 6TH |
|
Tri-City Dust Devils batting - Pitching for Bend Bandits : RHP Joe Stalp
|
|
Batting: LHB Billy Jo Robidoux
|
0-0: SINGLE (Line Drive, 34, EV 100.0 MPH)
|
|
Batting: LHB Robbie Geels
|
0-0: Ball 1-0: Called Strike 1-1: Foul Ball, location: 2F 1-2: Foul Ball, location: 2F 1-2: Foul Ball, location: 2F 1-2: Ball 2-2: Grounds into double play, 4-6-3 (Groundball, 4, EV 83.8 MPH)
|
|
Batting: RHB Eric Monson
|
0-0: Ball 1-0: SINGLE (Line Drive, 6D, EV 99.4 MPH)
|
|
Batting: RHB Steve Aragon
|
0-0: Swinging Strike 0-1: Ground out 4-3 (Groundball, 34, EV 85.0 MPH)
|
| Top of the 6th over - 0 runs, 2 hits, 0 errors, 1 left on base; Tri-City 4 - Bend 2 |
| BOTTOM OF THE 6TH |
|
Bend Bandits batting - Pitching for Tri-City Dust Devils : LHP Brian Snyder
|
|
Batting: RHB Angelo Ross
|
0-0: Swinging Strike 0-1: Ball 1-1: Ball 2-1: Ground out 3-1 (Groundball, 34S, EV 78.8 MPH)
|
|
Batting: RHB Rolando Roomes
|
0-0: Swinging Strike 0-1: Ball 1-1: SINGLE (Line Drive, 9LS, EV 93.8 MPH)
|
|
Batting: LHB Scott Bradley
|
0-0: Called Strike Rolando Roomes steals 2nd, throwing error, E2 Rolando Roomes to third 0-1: Called Strike 0-2: Ball 1-2: Ball 2-2: Ball 3-2: SINGLE (Line Drive, 89S, EV 94.4 MPH) Rolando Roomes scores
|
|
Batting: RHB Jeff Doerr
|
0-0: Ball 1-0: Fielders Choice at 2nd, 1-4 (Groundball, 15S, EV 67.5 MPH)
|
|
Batting: RHB Gregory Key
|
0-0: Foul Ball, location: 2F 0-1: Ball 1-1: Swinging Strike 1-2: Ball 2-2: DOUBLE (Flyball, 78XD, EV 105.6 MPH) Jeff Doerr to third Runner from 3rd tries for Home, throw by CF and OUT! 8-6-2
|
| Bottom of the 6th over - 1 run, 3 hits, 1 error, 1 left on base; Tri-City 4 - Bend 3 |
| TOP OF THE 7TH |
|
Tri-City Dust Devils batting - Pitching for Bend Bandits : RHP Joe Stalp
|
|
Batting: RHB James Davis
|
0-0: Ground out 6-3 (Groundball, 6, EV 109.4 MPH)
|
|
Batting: RHB Jay Lewis
|
0-0: Swinging Strike 0-1: SINGLE (Groundball, 25, EV 68.8 MPH) (infield hit)
|
|
Batting: SHB Michael Madril
|
0-0: Foul Ball, location: 2F 0-1: Grounds into double play, 4-6-3 (Groundball, 4MD, EV 86.3 MPH)
|
| Top of the 7th over - 0 runs, 1 hit, 0 errors, 0 left on base; Tri-City 4 - Bend 3 |
| BOTTOM OF THE 7TH |
|
Bend Bandits batting - Pitching for Tri-City Dust Devils : LHP Brian Snyder
|
|
Batting: RHB Jeffrey Smith
|
0-0: Ball 1-0: Ball 2-0: Ball 3-0: Called Strike 3-1: Base on Balls
|
|
Batting: RHB Buddy Bailey
|
0-0: Foul Ball, location: 2F 0-1: Called Strike 0-2: Foul Ball, location: 2F 0-2: Ball 1-2: Ball 2-2: Ground out 6-3 (Groundball, P, EV 86.3 MPH) Jeffrey Smith to second
|
|
Batting: RHB Doug Gilcrease
|
0-0: Ball 1-0: Ball 2-0: Called Strike 2-1: Ball 3-1: Foul Ball, location: 2F 3-2: Foul Ball, location: 2F 3-2: Foul Ball, location: 2F 3-2: Foul Ball, location: 2F 3-2: Ground out 6-3 (Groundball, 6, EV 91.3 MPH)
|
|
Pinch Hitting: RHB William Lockwood
|
0-0: Ball 1-0: SINGLE (Groundball, 6MD, EV 95.0 MPH) Jeffrey Smith to third Runner from 3rd tries for Home, SAFE, throw by CF to home William Lockwood to second
|
|
Batting: RHB Angelo Ross
|
0-0: Ball 1-0: Swinging Strike 1-1: Called Strike 1-2: SINGLE (Line Drive, 56D, EV 104.4 MPH) William Lockwood to third Runner from 3rd tries for Home, SAFE, throw by LF to home
|
|
Pitching: RHP John Martinez
|
|
|
Batting: RHB Rolando Roomes
|
0-0: Called Strike Angelo Ross is caught stealing 2nd base 2-4
|
| Bottom of the 7th over - 2 runs, 2 hits, 0 errors, 0 left on base; Tri-City 4 - Bend 5 |
| TOP OF THE 8TH |
|
Tri-City Dust Devils batting - Pitching for Bend Bandits : RHP Joe Stalp
|
|
Now at 2B: Michael Lenti
|
|
|
Batting: RHB Robert Gauci
|
0-0: Called Strike 0-1: Swinging Strike 0-2: Ball 1-2: Ball 2-2: DOUBLE (Line Drive, 5D, EV 109.4 MPH)
|
|
Batting: LHB Adrian Zepeda
|
0-0: Foul Ball, location: 2F 0-1: Ball 1-1: Ground out U3 (Groundball, 23, EV 86.3 MPH) Robert Gauci to third
|
|
Batting: LHB Billy Jo Robidoux
|
0-0: Foul Ball, location: 2F 0-1: Ball 1-1: Foul Ball, location: 2F 1-2: Ball 2-2: Ball 3-2: Foul Ball, location: 2F 3-2: Foul Ball, location: 2F 3-2: Base on Balls
|
|
Batting: LHB Robbie Geels
|
0-0: Ball 1-0: Called Strike 1-1: Ball 2-1: SINGLE (Groundball, 34D, EV 98.1 MPH) Robert Gauci scores Billy Jo Robidoux to second Runner from 2nd tries for 3rd, SAFE, throw by RF made to third
|
|
Pitching: LHP Mike Kinnunen
|
|
|
Batting: RHB Eric Monson
|
0-0: Ball 1-0: Foul Ball, location: 2F 1-1: Fly out, F7 (Line Drive, 7, EV 96.9 MPH) Runner from 3rd tags up, SCORES, throw by LF
|
|
Batting: RHB Steve Aragon
|
0-0: Ball 1-0: Called Strike 1-1: Ball 2-1: Foul Ball, location: 2F 2-2: Ground out 6-3 (Groundball, 56, EV 101.9 MPH)
|
| Top of the 8th over - 2 runs, 2 hits, 0 errors, 1 left on base; Tri-City 6 - Bend 5 |
| BOTTOM OF THE 8TH |
|
Bend Bandits batting - Pitching for Tri-City Dust Devils : RHP John Martinez
|
|
Batting: RHB Rolando Roomes
|
0-0: Ball 1-0: Swinging Strike 1-1: Called Strike 1-2: Foul Ball, location: 2F 1-2: Foul Ball, location: 2F 1-2: SOLO HOME RUN (Flyball, 7D, EV 100.0 MPH), Distance : 379 ft
|
|
Batting: LHB Scott Bradley
|
0-0: Called Strike 0-1: SINGLE (Flyball, 7LM, EV 91.9 MPH)
|
|
Batting: RHB Jeff Doerr
|
0-0: Ball 1-0: Swinging Strike 1-1: Grounds into double play, 5-4-3 (Groundball, 56S, EV 89.4 MPH)
|
|
Batting: RHB Gregory Key
|
0-0: Called Strike 0-1: Fly out, F8 (Flyball, 8LXD, EV 108.1 MPH)
|
| Bottom of the 8th over - 1 run, 2 hits, 0 errors, 0 left on base; Tri-City 6 - Bend 6 |
| TOP OF THE 9TH |
|
Tri-City Dust Devils batting - Pitching for Bend Bandits : LHP Mike Kinnunen
|
|
Pitching: LHP David Flowers
|
|
|
Pinch Hitting: RHB Greg Toler
|
0-0: Called Strike 0-1: Ground out 4-3 (Groundball, 34, EV 85.6 MPH)
|
|
Batting: RHB Jay Lewis
|
0-0: Ball 1-0: Foul Ball, location: 2F 1-1: Ball 2-1: Swinging Strike 2-2: Ball 3-2: Foul Ball, location: 2F 3-2: SINGLE (Line Drive, 7S, EV 93.8 MPH)
|
|
Batting: SHB Michael Madril
|
0-0: Called Strike 0-1: SINGLE (Groundball, 6MD, EV 95.0 MPH) Jay Lewis to second
|
|
Batting: RHB Robert Gauci
|
0-0: Ball 1-0: Ball 2-0: Ball 3-0: Base on Balls Jay Lewis to third Michael Madril to second
|
|
Batting: LHB Adrian Zepeda
|
0-0: Fly out, F8 (Flyball, 8LD, EV 98.1 MPH) Runner from 3rd tags up, SCORES, throw by CF
|
|
Batting: LHB Billy Jo Robidoux
|
0-0: Foul Ball, location: 2F 0-1: Fly out, F6 (Popup, 6MS, EV 76.3 MPH)
|
| Top of the 9th over - 1 run, 2 hits, 0 errors, 2 left on base; Tri-City 7 - Bend 6 |
| BOTTOM OF THE 9TH |
|
Bend Bandits batting - Pitching for Tri-City Dust Devils : RHP John Martinez
|
|
Now at SS: Tom Duggan
|
|
|
Batting: RHB Jeffrey Smith
|
0-0: Ball 1-0: Called Strike 1-1: Ball 2-1: Fly out, F5 (Line Drive, 5, EV 68.1 MPH)
|
|
Batting: RHB Buddy Bailey
|
0-0: Ball 1-0: Swinging Strike 1-1: Foul Ball, location: 2F 1-2: Ball 2-2: Strikes out looking
|
|
Batting: RHB Doug Gilcrease
|
0-0: Fly out, F7 (Flyball, 7D, EV 104.4 MPH)
|
| Bottom of the 9th over - 0 runs, 0 hits, 0 errors, 0 left on base; Tri-City 7 - Bend 6 |
|